Description

Economic fast hydras into lurkers from serral

Replay - [PvZ] - [PSISTM]MaxPax vs [BASKGG]Serral - Amygdala - 2025-01-23 15_12_57

Build Order

Get SALT Encoding   

  12  0:00  Drone  
  13  0:07  Drone  
  14  0:15  Extractor, Drone  
  15  0:21  Overlord  
  15  0:41  Drone  
  16  0:45  Hatchery  
  16  0:49  Drone x2  
  16  0:56  Drone  
  18  1:06  Extractor  
  18  1:11  Spawning Pool  
  16  1:14  Drone x2  
  18  1:26  Drone  
  20  1:47  Overlord  
  20  1:57  Queen x2  
  20  1:58  Zergling x4  
  26  2:11  Metabolic Boost  
  30  2:33  Hatchery  
  30  2:42  Overlord  
  31  2:49  Queen  
  36  3:02  Overlord  
  41  3:17  Queen  
  44  3:27  Spore Crawler  
  45  3:34  Queen  
  45  3:39  Spore Crawler  
  49  3:47  Overlord  
  55  4:04  Zergling x2  
  63  4:19  Zergling x2  
  63  4:26  Lair  
  63  4:28  Extractor  
  64  4:33  Zergling x2  
  68  4:43  Spore Crawler, Roach Warren  
  68  4:49  Zergling x2  
  76  5:01  Hatchery  
  76  5:06  Zergling x4  
  78  5:09  Extractor x2  
  79  5:14  Evolution Chamber  
  79  5:17  Queen  
  86  5:32  Hydralisk Den  
  86  5:35  Overseer  
  88  5:37  Extractor x2  
  88  5:45  Zergling x4, Zerg Missile Weapons Level 1  
  95  6:01  Hydralisk x3  
  95  6:02  Muscular Augments  
  101  6:07  Hydralisk x2  
  105  6:12  Infestation Pit  
  105  6:13  Hydralisk x3  
  112  6:23  Hydralisk x2  
  133  7:06  Grooved Spines  
  132  7:18  Hive  
  140  7:50  Zerg Melee Weapons Level 1  
  146  8:00  Lurker Den  
  152  8:25  Extractor  
  158  8:30  Viper x2  
  170  8:35  Adrenal Glands  
  170  8:37  Hatchery  
  175  8:59  Seismic Spines  
  175  9:00  Lurker  
  169  9:12  Lurker x4  
  182  9:31  Lurker x5  
  160  9:56  Adaptive Talons  
Spawning Tool Build Advisor. Get it on Overwolf

Go to:

Details

  • Created by: malmroch7
  • Published on: Mar 22, 2025
  • Modified on: Mar 22, 2025
  • Patch: 5.0.11
  • Difficulty: Hard
Show
View Real Time Build Order
Export as new Build Order

Comments (0)

There are no comments. Be the first!

Create an account to comment!